 Dungeon Crawl Stone Soup version 0.28-a0-1624-g820543e53a (webtiles) character file.

Game seed: 5633320736573195284

402 HallandMoats the Vandal (level 6, -3/55 HPs)
             Began as a Ghoul Hunter on Jan 24, 2022.
             Was a Follower of Wu Jian.
             Slain by Crazy Yiuf (8 damage)
             ... on level 2 of the Dungeon.
             The game lasted 00:04:11 (3416 turns).

HallandMoats the Vandal (Ghoul Hunter)              Turns: 3416, Time: 00:04:11

Health: -3/55      AC:  6    Str: 16    XL:     6   Next: 85%
Magic:  5/5        EV: 11    Int:  6    God:    Wu Jian [*.....]
Gold:   147        SH:  0    Dex: 11    Spells: 5/5 levels left

rFire   . . .      SeeInvis .   a - +1 hunting sling (flame)
rCold   + . .      Faith    .   (no shield)
rNeg    + + +      Spirit   .   b - +0 ring mail
rPois   ∞          Reflect  .   (no helmet)
rElec   .          Harm     .   (no cloak)
rCorr   .          Rampage  .   h - +0 pair of gloves
Will    +....                   (no boots)
Stlth   +.........              (no amulet)
HPRegen 0.00/turn               g - ring of willpower
MPRegen 0.09/turn               (no ring)

@: inhibited regen
A: claws 1, cold resistance 1, negative energy resistance 3, inhibited
regeneration, torment resistance 2
a: Renounce Religion


You were on level 2 of the Dungeon.
You worshipped Wu Jian.
Wu Jian was aware of your devotion.
You visited 1 branch of the dungeon, and saw 3 of its levels.

You collected 147 gold pieces.

Inventory:

Hand Weapons
 a - a +1 hunting sling of flaming (weapon)
 d - a +2 war axe of flaming
Missiles
 e - 148 stones (quivered ammo)
Armour
 b - a +0 ring mail (worn)
 h - a +0 pair of gloves (worn)
Jewellery
 g - a ring of willpower (left hand)
Wands
 q - a wand of iceblast (8)
Scrolls
 c - a scroll of identify
 f - a scroll of fear
 i - a scroll of brand weapon
 j - a scroll of enchant weapon {unknown}
 m - 2 scrolls of teleportation {unknown}
 o - a scroll of enchant armour {unknown}
Potions
 k - a potion of heal wounds {unknown}
 l - a potion of brilliance {unknown}
 n - a potion of curing {unknown}


   Skills:
 * Level 4.8 Fighting
 * Level 5.1 Slings
 + Level 2.1 Armour
 + Level 3.0 Dodging
 - Level 1.1 Stealth


You had 5 spell levels left.
You didn't know any spells.
Your spell library was empty.

Dungeon Overview and Level Annotations

Branches:
Dungeon (3/15)

Altars:
Wu Jian

Annotations:
D:2 Crazy Yiuf


Innate Abilities, Weirdness & Mutations

You thrive by killing the living.
You are immune to poison.
You have sharp fingernails.
Your flesh is cold resistant. (rC+)
You are immune to negative energy. (rN+++)
You do not regenerate when monsters are visible.
You are immune to unholy pain and torment.


Message History

Key pressed, stopping explore.
You enter the shallow water.
Moving in this stuff is going to be slow.
You now have 147 gold pieces (gained 14).
Found a stone staircase leading up.
You enter the shallow water.
Moving in this stuff is going to be slow.
Done exploring.
Done exploring.
Done exploring.
Done exploring.
Done exploring.
(D) Dungeon
Where to? (Enter - D:3, ? - help)
What level of the Dungeon? (default 1, ? - help)
There is a stone staircase leading up here.
You climb upwards.
Level annotation: 1 runed translucent door, Crazy Yiuf
There is a stone staircase leading down here.
You see here a +0 short sword.
You see here a scroll of noise.
You open the door.
Crazy Yiuf laughs, "Blight!"
You shoot a stone. The stone hits Crazy Yiuf.
The stone burns Crazy Yiuf.
Crazy Yiuf is lightly wounded.
Crazy Yiuf hits you with a +2 quarterstaff of chaos.
You are electrocuted!!
You shoot a stone. The stone barely misses Crazy Yiuf.
Crazy Yiuf closely misses you.
You shoot a stone.
The stone hits Crazy Yiuf but does no damage.
Crazy Yiuf is lightly wounded.
Crazy Yiuf hits you with a +2 quarterstaff of chaos!
* * * LOW HITPOINT WARNING * * *
Crazy Yiuf burns you!
* * * LOW HITPOINT WARNING * * *
Crazy Yiuf says, "Pitchfork!"
Crazy Yiuf grits, "Two hog poople!"
Crazy Yiuf hits you with a +2 quarterstaff of chaos!
You die...

#....# #...# ##...## #.####
... ##.....## #.# #(#
##.......## #.# ♣?♣♣
#.........### #.# ♣♣.♣
#...........# ######.## ♣.♣♣
#.........#.# ........# ♣♣.♣
#...>....##.# ####.#..# ♣♣g♣♣
#.#.....###.# # #.#..# ♣♣.@.♣
#.##...## #.# # #.#..# ♣....♣
#.....## #.# # #.#..### ##..##
#.#########.# #.)†...# ##....#
#............
###..#####....###########....#
#..............# #.####
#####....####...##.# #)#
..<....#.# ##.###.# #.#
######.#.# #.# #.# #.####


You could see Crazy Yiuf.

Vanquished Creatures
  Grinder (D:3)
  A scorpion (D:2)
  A hound (D:2)
  3 adders
  5 dart slugs
  An orc (D:3)
  7 ball pythons
  5 endoplasms
  5 giant cockroaches
  8 goblins
  8 hobgoblins
  7 jackals
  A quokka (D:2)
  9 bats
  2 frilled lizards
  9 kobolds
  9 rats
82 creatures vanquished.

Vanquished Creatures (others)
  A plant (D:3)
1 creature vanquished.

Grand Total: 83 creatures vanquished

Notes
Turn   | Place    | Note
-------+----------+-------------------------------------------
     0 | D:1      | HallandMoats the Ghoul Hunter began the quest for the Orb.
     0 | D:1      | Reached XP level 1. HP: 17/17 MP: 0/0
    32 | D:1      | Reached XP level 2. HP: 25/25 MP: 1/1
   228 | D:1      | Reached XP level 3. HP: 18/30 MP: 2/2
   400 | D:1      | Reached skill level 4 in Slings
   778 | D:1      | Reached skill level 1 in Armour
  1013 | D:2      | Reached XP level 4. HP: 38/38 MP: 3/3
  1221 | D:2      | Noticed a scorpion
  1227 | D:2      | Killed a scorpion
  1228 | D:2      | Reached XP level 5. HP: 35/46 MP: 4/4
  1702 | D:2      | Found a runed translucent door.
  1703 | D:2      | Noticed Crazy Yiuf
  1832 | D:2      | Found a faded altar of an unknown god.
  1841 | D:2      | Prayed at the altar of an unknown god.
  1841 | D:2      | Became a worshipper of the Wu Jian Council
  1841 | D:2      | Reached * piety under Wu Jian
  2644 | D:3      | Noticed Grinder
  2705 | D:3      | Killed Grinder
  2706 | D:3      | Reached skill level 5 in Slings
  2706 | D:3      | Reached XP level 6. HP: 41/55 MP: 5/5
  3416 | D:2      | Slain by Crazy Yiuf

Illustrated notes

Levels and vault maps discovered:
D:1:      dpeg_arrival_round_c, layout_rooms
D:2:      layout_loops_ring, shapermc_ecumenical_altar_mp_highgroup,
          minmay_pentomino_pile, uniq_crazy_yiuf_cottage
D:3:      wander_river, layout_basic, serial_forest, infiniplex_forest_lined_3,
          infiniplex_forest_end_2, infiniplex_forest_clump_tiny,
          infiniplex_forest_clump_small, infiniplex_forest_straight_4,
          infiniplex_forest_clump_double, minmay_fractal_squares_diagonal_5,
          uniq_grinder

Skill      XL: |  1  2  3  4  5 |
---------------+----------------+-----
Dodging        | 2 3 |  3.0
Slings         | 4 5 |  5.1
Fighting       | 3 4 |  4.8
Armour         | 1 2 |  2.1
Stealth        | |  1.1

Action                   |  1- 3 |  4- 6 || total
-------------------------+-------+-------++-------
 Fire: Hunting sling     |   117 |   141 ||   258
  Use: Scroll            |       |     6 ||     6
Armor: Leather armour    |    22 |     9 ||    31
       Ring mail         |       |     5 ||     5
Dodge: Dodged            |    35 |    25 ||    60

Table legend: (Time is in decaauts)
 A = Elapsed time spent in this place.
 B = Non-inter-level travel time spent in this place.
 C = Inter-level travel time spent in this place.
 D = Time resting spent in this place.
 E = Time spent auto-exploring this place.
 F = Levels seen in this place.
 G = Mean time per level.
                   A        B        C        D        E       F      G
               +--------+--------+--------+--------+--------+-----+--------+
         Total |   3426 |   3283 |    143 |     99 |   2673 |   3 | 1142.0 |
       Dungeon |   3426 |   3283 |    143 |     99 |   2673 |   3 | 1142.0 |
               +--------+--------+--------+--------+--------+-----+--------+

Top non-repeatable levels by time:
     D:2: 1282 daAuts
     D:3: 1211 daAuts
     D:1: 932 daAuts
